 Dungeon Crawl Stone Soup version 0.26.1-11-gd32895ea62 (webtiles) character file.

Game seed: 15594705613408755732

222330 Tirrikindir the Fencer (level 19, -12/141 HPs)
             Began as an Octopode Fighter on June 1, 2021.
             Was the Champion of Trog.
             Mangled by a nagaraja
             ... wielding a +0 halberd
              (22 damage)
             ... on level 4 of the Snake Pit.
             The game lasted 01:52:47 (41549 turns).

Tirrikindir the Fencer (Octopode Fighter)          Turns: 41549, Time: 01:52:47

Health: -12/141    AC: 11    Str: 19    XL:     19   Next: 23%
Magic:  0/19       EV: 24    Int: 17    God:    Trog [******]
Gold:   1731       SH: 22    Dex: 21    Spells: 18/18 levels left

rFire    + + .     SeeInvis +   x - +9 scimitar (vorpal)
rCold    + . .     Faith    .   S - +1 tower shield of Fedhas's Esteem {Str+2 Int+2 Dex+2}
rNeg     . . .     Spirit   +   p - +2 hat
rPois    +         Reflect  .   a - amulet of guardian spirit
rElec    .         Harm     .   q - ring of poison resistance
rCorr    +         Rampage  .   u - +4 ring of protection
Will     ++++.     Clarity  +   M - ring of Xom's Entertainment {+Fly rF+}
Stlth    +++++++++.             K - ring of Finality {Will+++ rCorr Str-4 Dex-2 Stlth+}
HPRegen  0.33/turn              J - +4 ring of protection
MPRegen  0.16/turn              E - ring of Giqey {rF+ Int+4 SInv}
                                m - +6 ring of dexterity
                                g - ring of protection from cold

@: lethally poisoned (-12 -> -12), berserk cooldown, slowed, constricted,
studying 3 skills, very slow
A: almost no armour, stealthy swim, amphibious, 8 rings, constrict 8, repulsion
field 1, camouflage 1, agile 1, clarity, sense surroundings 1, gelatinous body 1
}: 1/15 runes: decaying
a: Renounce Religion, Evoke Flight, Berserk, Trog's Hand, Brothers in Arms


You were on level 4 of the Snake Pit.
You worshipped Trog.
Trog was exalted by your worship.
You visited 6 branches of the dungeon, and saw 32 of its levels.

You collected 3758 gold pieces.
You spent 2027 gold pieces at shops.

Inventory:

Hand Weapons
 b - a +2 double sword of flaming
 x - a +9 vorpal scimitar (weapon)
 y - a +7 scimitar of holy wrath
Missiles
 h - 123 poisoned darts (quivered)
Armour
 p - a +2 hat (worn)
 S - the +1 tower shield of Fedhas's Esteem (worn) {Str+2 Int+2 Dex+2}
   (You acquired it on level 2 of the Swamp)

   It affects your strength (+2).
   It affects your intelligence (+2).
   It affects your dexterity (+2).
Jewellery
 a - an amulet of guardian spirit (around mantle)
 g - a ring of protection from cold (on tentacle)
 m - a +6 ring of dexterity (on tentacle)
 q - a ring of poison resistance (left tentacle)
 u - a +4 ring of protection (right tentacle)
 D - an uncursed ring of protection from cold
 E - the ring of Giqey (on tentacle) {rF+ Int+4 SInv}
   (You found it on level 13 of the Dungeon)

   [ring of see invisible]

   It affects your intelligence (+4).
   It protects you from fire.
   It lets you see invisible.
 J - a +4 ring of protection (on tentacle)
 K - the ring of Finality (on tentacle) {Will+++ rCorr Str-4 Dex-2 Stlth+}
   (You found it on level 13 of the Dungeon)

   [ring of resist corrosion]

   It affects your strength (-4).
   It affects your dexterity (-2).
   It affects your willpower, your defense against some magical effects.
   It provides partial protection from all sources of acid and corrosion.
   It makes you more stealthy.
 M - the ring of Xom's Entertainment (on tentacle) {+Fly rF+}
   (You found it on level 13 of the Dungeon)

   [ring of flight]

   It protects you from fire.
   It lets you fly.
 Q - an uncursed ring of protection from cold
Wands
 e - a wand of iceblast (35)
 v - a wand of disintegration (42)
 C - a wand of digging (5)
 G - a wand of paralysis (14)
 H - a wand of enslavement (8)
 T - a wand of acid (8)
 U - a wand of flame (65)
Scrolls
 l - 12 scrolls of remove curse
 n - 7 scrolls of magic mapping
 s - 15 scrolls of teleportation
 t - 8 scrolls of blinking
 w - 4 scrolls of fog
 z - 4 scrolls of fear
 A - 7 scrolls of identify
 F - 2 scrolls of summoning
 N - a scroll of silence
Potions
 c - 5 potions of might
 d - 5 potions of heal wounds
 f - 12 potions of curing
 i - 4 potions of magic
 j - 2 potions of invisibility
 o - 2 potions of haste
 B - 3 potions of cancellation
 L - 7 potions of flight
 O - 7 potions of ambrosia
 R - a potion of mutation
Books
 k - a manual of Fighting
 P - a manual of Stealth
 X - a manual of Evocations
Miscellaneous
 r - a box of beasts
 I - a condenser vane


   Skills:
 + Level 16.1 Fighting
 + Level 16.9 Long Blades
 + Level 14.5 Dodging
 - Level 16.0 Stealth
 * Level 15.9 Shields
 + Level 14.1 Evocations


You had 18 spell levels left.
You didn't know any spells.
Your spell library contained the following spells:

 Spells                   Type           Power        Failure   Level
 Sting                    Tmut/Pois      0%           58%         1
 Poisonous Vapours        Pois/Air       0%           75%         2
 Ignite Poison            Fire/Tmut/Pois 0%           92%         3
 Mephitic Cloud           Conj/Pois/Air  0%           92%         3
 Olgreb's Toxic Radiance  Pois           0%           100%        4


Dungeon Overview and Level Annotations

Branches:
Dungeon (15/15)            Temple (1/1) D:6            Lair (6/6) D:10
  Swamp (4/4) Lair:3        Snake (4/4) Lair:2        Slime (0/5) Lair:6
    Orc (2/2) D:11            Elf (0/3) Orc:2        Vaults (0/5) D:13
 Depths (0/5) D:15

Altars:
Ashenzari
Cheibriados
Dithmenos
Elyvilon
Fedhas
Gozag
Hepliaklqana
Kikubaaqudgha
Makhleb
Nemelex Xobeh
Okawaru
Qazlal
Ru
Sif Muna
Trog
Uskayaw
Vehumet
Wu Jian
Xom
Yredelemnul
Zin
The Shining One
Beogh

Shops:
D:9 *:*!}   D:11 *   D:12 [   Orc:1 }   Orc:2 [[}[   Snake:4 (

Annotations:
D:15 3 runed translucent doors, Contigo's ghost, journeyman MiBe
Snake:4 3 runed translucent doors, Irelaet's ghost, adept DrAE


Innate Abilities, Weirdness & Mutations

You cannot wear most types of armour.
You are very stealthy in the water. (Stealth+)
You are amphibious.
You can wear up to eight rings at the same time.
You can use your tentacles to constrict eight enemies at once.
Your skin changes colour to match your surroundings (Stealth+).
Your rubbery body absorbs attacks. (AC +1, EV +1)
You are surrounded by a mild repulsion field. (EV +2)
You are agile. (Dex +2)
You possess an exceptional clarity of mind.
You passively map a small area around you.


Message History

The naga sharpshooter casts a spell.
The naga sharpshooter magically shoots an arrow.
You block the arrow.
The nagaraja casts a spell.
The nagaraja seems to speed up.
You slash the naga sharpshooter!
The naga sharpshooter is severely wounded.
You are no longer berserk.
You are exhausted.
You feel yourself slow down. The nagaraja barely misses you.
The naga warrior spits poison at you. The splash of poison misses you.
* * * LOW HITPOINT WARNING * * *
The naga warrior constricts you.
You slash the naga sharpshooter!
The naga sharpshooter is severely wounded.
You feel sick.
You block the guardian serpent's attack.
The nagaraja hits you from afar with a +0 halberd!!
You die...

, * , , * * *
.#........#.. ,
........... , * ,
,*......... *, , , *
.# .......#### , ...#
NNNNN##..## ,,
#...##NNN##....##
#...#NN##).....## .
,*#...S@#(.......#.. ,
##..N)N(.......... ,
,##....#((....#....###
, ##.(.##.(..##(..##..
,,
,##...##)(##...##...
##...####...##.... ,
##...##..(##..# #
##......##...# #
##)...##...#


You could see 2 naga warriors, 2 nagarajas, 2 naga sharpshooters, a salamander
mystic, a salamander, a guardian serpent and 4 nagas.

Vanquished Creatures
  Bai Suzhen (Snake:3)
  Vashnia (Snake:4)
  Rupert (Lair:5)
  The ghost of comborobin the Warrior, a journeyman PaBe of Trog (Lair:4)
  5 nagarajas
  A thorn hunter (Swamp:4)
  Louise (Swamp:2)
  A dire elephant (Lair:6)
  3 bunyips
  7 eleionomae
  2 ettins
  Snorg (Lair:5)
  The ghost of promet the Blocker, a journeyman GnFi of Cheibriados (Lair:4)
  A fire dragon (D:14)
  4 shambling mangroves
  The ghost of queenofzan the Cleaver, a journeyman MiBe of Trog (Lair:2)
  Fannar (Lair:1)
  4 vault guards (D:13)
  16 naga warriors
  24 hydras
  5 boulder beetles
  A ghost crab (Swamp:4)
  A catoblepas (Lair:6)
  Erica (Lair:2)
  4 centaur warriors
  8 death yaks
  9 anacondas
  6 two-headed ogres
  A tengu warrior (D:15)
  5 alligators
  5 orc high priests (Orc:2)
  7 shock serpents
  13 naga sharpshooters
  3 salamander mystics
  6 sea snakes (Snake:3)
  3 goliath frogs
  4 skeletal warriors (D:15)
  A deep troll (D:15)
  7 bog bodies
  5 spriggan druids
  Pikel (D:6)
  2 deep elf archers
  11 naga ritualists
  5 lindwurms
  13 swamp dragons
  13 mana vipers
  An orc knight (D:13)
  15 ugly things
  An orc sorcerer (Orc:2)
  6 will-o-the-wisps
  5 oklob plants (Lair:4)
  10 salamanders
  2 cyclopes
  3 manticores
  14 elephants
  14 naga magi
  Joseph (D:8)
  30 black mambas
  A black mamba (shapeshifter) (D:14)
  6 guardian serpents
  Maurice (D:9)
  13 cane toads
  A gargoyle (D:13)
  A torpor snail (Lair:3)
  3 centaur skeletons
  Maggie (D:6)
  4 rime drakes
  A rime drake (shapeshifter) (D:15)
  An efreet (D:13)
  3 komodo dragons
  A queen bee (Lair:1)
  A kobold demonologist (D:14)
  A tengu conjurer (D:15)
  7 hornets
  2 polar bears
  9 tyrant leeches
  A queen bee (shapeshifter) (D:15)
  A troll (Orc:2)
  A raiju (shapeshifter) (D:13)
  11 blink frogs
  11 dream sheep
  4 spriggans
  4 shadows
  58 yaks
  2 vampires
  5 wraiths
  7 wyverns
  3 basilisks (Lair:6)
  The ghost of jlumianski the Caller, an amateur FeSu (D:5)
  Menkaure (D:4)
  3 wargs
  51 nagas
  13 swamp worms
  An acid dragon (D:15)
  15 water moccasins
  A hornet zombie (D:13)
  3 phantoms
  6 swamp drakes
  20 orc warriors
  4 ice beasts
  2 eyes of draining
  4 sky beasts
  3 black bears
  A necrophage (D:12)
  14 ogres
  A boggart (shapeshifter) (D:15)
  7 wolves
  2 centaurs
  3 lemures (D:6)
  4 big kobolds
  16 bullfrogs
  A gnoll sergeant (D:7)
  A wyvern skeleton (D:6)
  3 scorpions
  A troll zombie (D:11)
  28 killer bees
  11 wights
  2 electric eels
  4 howler monkeys
  2 bullfrog zombies (D:7)
  3 quasits
  10 centaur zombies
  19 jellies
  A bullfrog skeleton (D:13)
  An iron imp (D:7)
  5 hounds
  32 orc wizards
  25 orc priests
  Natasha (thrice) (D:2)
  4 iguanas
  11 worker ants
  7 ogre zombies (D:11)
  Robin (D:2)
  7 gnolls
  16 adders
  A shadow imp (D:6)
  3 white imps
  2 ufetubi
  3 oozes
  An adder skeleton (D:4)
  4 worms
  A dart slug (D:1)
  6 leopard geckos
  89 orcs
  A ball python (D:4)
  5 giant cockroaches
  13 goblins
  11 hobgoblins
  5 jackals
  22 kobolds
  8 quokkas
  9 bats
  6 frilled lizards
  2 goblin skeletons (D:11)
  2 goblin zombies (D:11)
  3 hobgoblin zombies (D:11)
  A jackal zombie (D:8)
  A leopard gecko skeleton (D:5)
  3 orc skeletons (D:11)
  15 orc zombies (D:11)
  11 rats
  2 butterflies (Lair:4)
1088 creatures vanquished.

Vanquished Creatures (others)
  3 bloated husks
  A hornet (Swamp:2)
  An orc wizard (D:13)
  13 foxfires
  41 fungi
  88 plants
147 creatures vanquished.

Grand Total: 1235 creatures vanquished

Notes
Turn   | Place    | Note
-------+----------+-------------------------------------------
     0 | D:1      | Tirrikindir the Octopode Fighter began the quest for the
                  | Orb.
     0 | D:1      | Reached XP level 1. HP: 16/16 MP: 1/1
   260 | D:1      | Reached XP level 2. HP: 14/21 MP: 2/2
   455 | D:1      | Reached skill level 1 in Stealth
   795 | D:2      | Found a faded altar of an unknown god.
   799 | D:2      | Became a worshipper of Trog the Wrathful
   799 | D:2      | Reached * piety under Trog
   811 | D:2      | Reached XP level 3. HP: 23/26 MP: 3/3
   887 | D:2      | Noticed Natasha
   893 | D:2      | Killed Natasha
  1115 | D:2      | Reached XP level 4. HP: 27/31 MP: 4/4
  1325 | D:2      | Noticed Natasha
  1332 | D:2      | Killed Natasha
  1390 | D:2      | Reached XP level 5. HP: 36/36 MP: 5/5
  1543 | D:2      | Reached ** piety under Trog
  1736 | D:2      | Noticed Robin
  1759 | D:2      | Killed Robin
  1982 | D:2      | Found a hazy altar of Hepliaklqana.
  2065 | D:2      | Found an opulent altar of Gozag.
  2111 | D:2      | Found a shimmering blue altar of Sif Muna.
  2111 | D:2      | Noticed Natasha
  2117 | D:2      | Killed Natasha
  2656 | D:3      | Reached XP level 6. HP: 19/43 MP: 6/6
  3160 | D:3      | Reached *** piety under Trog
  3349 | D:3      | Found a blossoming altar of Fedhas.
  3949 | D:3      | Gained mutation: You are surrounded by a mild repulsion
                  | field. (EV +2) [potion of mutation]
  3949 | D:3      | Gained mutation: You are agile. (Dex +2) [potion of
                  | mutation]
  3949 | D:3      | Gained mutation: You possess an exceptional clarity of
                  | mind. [potion of mutation]
  3949 | D:3      | Gained mutation: You passively map a small area around you.
                  | [potion of mutation]
  4193 | D:4      | Noticed Menkaure
  4201 | D:4      | Killed Menkaure
  4202 | D:4      | Reached skill level 5 in Long Blades
  4202 | D:4      | Reached XP level 7. HP: 48/48 MP: 7/7
  4620 | D:4      | Reached skill level 1 in Evocations
  5066 | D:4      | Reached XP level 8. HP: 50/54 MP: 8/8
  5273 | D:5      | Entered Level 5 of the Dungeon
  5323 | D:5      | Found a runed translucent gate.
  5324 | D:5      | Found a runed translucent gate.
  5324 | D:5      | Noticed jlumianski's ghost (amateur FeSu)
  5325 | D:5      | Found a runed translucent gate.
  5325 | D:5      | Found a roughly hewn altar of Beogh.
  5328 | D:5      | Identified the +8 whip of the Protecting Enemy {venom,
                  | Int+3 SInv}
  5328 | D:5      | Identified the +1 leather armour of the Invisible Hand
                  | {Dex+4}
  5445 | D:5      | Reached **** piety under Trog
  5709 | D:5      | Found a hide-covered altar of Uskayaw.
  6492 | D:5      | Killed jlumianski's ghost
  6989 | D:6      | Found a staircase to the Ecumenical Temple.
  7000 | Temple   | Entered the Ecumenical Temple
  7055 | D:6      | Noticed Maggie
  7073 | D:6      | Killed Maggie
  7074 | D:6      | Reached skill level 5 in Shields
  7074 | D:6      | Reached XP level 9. HP: 33/59 MP: 9/9
  7300 | D:6      | Reached skill level 5 in Dodging
  7300 | D:6      | Reached skill level 5 in Stealth
  7447 | D:6      | Found an iron altar of Okawaru.
  7449 | D:6      | Found a hazy altar of Hepliaklqana.
  7449 | D:6      | Found a stormy altar of Qazlal.
  7451 | D:6      | Found a shimmering altar of Xom.
  7451 | D:6      | Found an iron altar of Okawaru.
  7451 | D:6      | Found a snail-covered altar of Cheibriados.
  7494 | D:6      | Noticed Pikel
  7516 | D:6      | Killed Pikel
  7976 | D:7      | Found a stormy altar of Qazlal.
  8008 | D:7      | Reached ***** piety under Trog
  8143 | D:7      | You fall into a shaft and drop 2 floors!
  8187 | D:9      | Reached skill level 5 in Fighting
  8192 | D:9      | Found Henaq's Distillery.
  8206 | D:9      | Bought a potion of degeneration for 14 gold pieces
  8249 | D:9      | Found Alyafov's Gadget Emporium.
  8477 | D:8      | Noticed Joseph
  8493 | D:8      | Killed Joseph
  8494 | D:8      | Reached XP level 10. HP: 55/66 MP: 8/10
  8880 | D:7      | Received a gift from Trog
  9111 | D:7      | Found a snail-covered altar of Cheibriados.
  9266 | D:7      | Found a basalt altar of Yredelemnul.
  9765 | D:8      | Found a shadowy altar of Dithmenos.
  9991 | D:9      | Noticed Maurice
 10002 | D:9      | Killed Maurice
 10185 | D:9      | Found Uwiennux's General Store.
 10210 | D:9      | Found Gucuoh's General Store.
 10323 | D:9      | Found Nemnent's Book Shoppe.
 10492 | D:10     | Entered Level 10 of the Dungeon
 10758 | D:10     | Reached skill level 10 in Long Blades
 10923 | D:10     | Noticed a cyclops
 10927 | D:10     | Killed a cyclops
 10928 | D:10     | Reached skill level 5 in Evocations
 11174 | D:10     | Found a staircase to the Lair.
 11191 | D:10     | Reached XP level 11. HP: 42/72 MP: 6/11
 11798 | D:11     | Noticed a green ugly thing
 11815 | D:11     | Found a staircase to the Orcish Mines.
 12104 | D:11     | Killed a green ugly thing
 12505 | D:11     | Found Jiereugh's General Store.
 12513 | D:11     | Bought a +4 ring of protection for 468 gold pieces
 12668 | D:11     | Received a gift from Trog
 12671 | D:11     | Got a shimmering falchion {god gift}
 12671 | D:11     | Identified the +8 falchion of the Crawling Thing {vorpal,
                  | rC+ Int+7} (Trog gifted it to you on level 11 of the
                  | Dungeon)
 12903 | D:12     | Noticed a cyclops
 12915 | D:12     | Killed a cyclops
 13123 | D:12     | Found Urrah's Antique Armour Shoppe.
 13567 | Lair:1   | Entered Level 1 of the Lair of Beasts
 13585 | Lair:1   | Noticed Fannar
 13602 | Lair:1   | Killed Fannar
 13603 | Lair:1   | Reached XP level 12. HP: 80/80 MP: 12/12
 14403 | Lair:2   | Found a staircase to the Snake Pit.
 14498 | Lair:2   | Noticed a four-headed hydra
 14505 | Lair:2   | Killed a one-headed hydra
 14624 | Lair:2   | Noticed Erica
 14648 | Lair:2   | Killed Erica
 14648 | Lair:2   | Reached ****** piety under Trog
 15066 | Lair:2   | Found a runed translucent gate.
 15067 | Lair:2   | Found a runed translucent gate.
 15068 | Lair:2   | Found a runed translucent gate.
 15069 | Lair:2   | Noticed queenofzan's ghost (journeyman MiBe)
 15094 | Lair:2   | Noticed a 12-headed hydra
 15116 | Lair:2   | Noticed an eight-headed hydra
 15128 | Lair:2   | Killed a four-headed hydra
 15692 | Lair:3   | Found a staircase to the Swamp.
 15748 | Lair:3   | Noticed a boulder beetle
 15760 | Lair:3   | Killed a boulder beetle
 15761 | Lair:3   | Reached skill level 10 in Stealth
 15761 | Lair:3   | Reached XP level 13. HP: 88/88 MP: 9/13
 15829 | Lair:3   | Reached skill level 10 in Dodging
 15829 | Lair:3   | Reached skill level 10 in Shields
 16462 | Lair:3   | Got a clouded crystal amulet
 16464 | Lair:3   | Identified the amulet of Autumn {RegenMP rF+ Str+2 Slay+2}
                  | (You found it on level 3 of the Lair of Beasts)
 16722 | Lair:4   | Received a gift from Trog
 16968 | Lair:4   | Found a runed translucent gate.
 16969 | Lair:4   | Found a runed translucent gate.
 16970 | Lair:4   | Found a runed translucent gate.
 16971 | Lair:4   | Noticed promet's ghost (journeyman GnFi)
 16972 | Lair:4   | Noticed comborobin's ghost (journeyman PaBe)
 17868 | Lair:5   | Noticed Snorg
 17890 | Lair:5   | Killed Snorg
 17891 | Lair:5   | Reached XP level 14. HP: 95/95 MP: 10/14
 18129 | Lair:5   | Noticed Rupert
 18143 | Lair:5   | Killed Rupert
 19019 | D:13     | Found a gate to the Vaults.
 19466 | D:13     | Received a gift from Trog
 19788 | D:13     | Got an ancient steel ring
 19791 | D:13     | Got a scorched jade ring
 19793 | D:13     | Identified the ring of Giqey {rF+ Int+4 SInv} (You found it
                  | on level 13 of the Dungeon)
 19794 | D:13     | Identified the ring of Finality {Will+++ rCorr Str-4 Dex-2
                  | Stlth+} (You found it on level 13 of the Dungeon)
 19806 | D:13     | Got a vibrating copper ring
 19808 | D:13     | Got a warped steel amulet
 19810 | D:13     | Identified the ring of Xom's Entertainment {+Fly rF+} (You
                  | found it on level 13 of the Dungeon)
 19811 | D:13     | Identified the amulet "Effegh" {Inacc rF++ Int+4 SInv} (You
                  | found it on level 13 of the Dungeon)
 20627 | D:14     | Reached skill level 10 in Fighting
 20816 | D:14     | Reached XP level 15. HP: 96/103 MP: 13/15
 21241 | D:15     | Entered Level 15 of the Dungeon
 21261 | D:15     | Reached skill level 15 in Long Blades
 21881 | D:15     | Received a gift from Trog
 22285 | D:15     | Found a runed translucent gate.
 22285 | D:15     | Found a runed translucent gate.
 22285 | D:15     | Found a runed translucent gate.
 22286 | D:15     | Noticed Contigo's ghost (journeyman MiBe)
 22356 | D:15     | Found a sacrificial altar of Ru.
 22387 | D:15     | Found a staircase to the Depths.
 22761 | Lair:2   | Killed queenofzan's ghost
 22981 | Lair:6   | Entered Level 6 of the Lair of Beasts
 22983 | Lair:6   | Found a staircase to the Slime Pits.
 24264 | Lair:6   | Reached XP level 16. HP: 111/111 MP: 16/16
 24659 | D:9      | Bought a manual of Fighting for 1545 gold pieces
 24710 | Orc:1    | Entered Level 1 of the Orcish Mines
 24727 | Orc:1    | Received a gift from Trog
 24899 | Orc:1    | Found Fiom's Gadget Emporium.
 25342 | Orc:2    | Entered Level 2 of the Orcish Mines
 25659 | Orc:2    | Found a staircase to the Elven Halls.
 26042 | Orc:2    | Found Yricruf's Gadget Emporium.
 26042 | Orc:2    | Found Muiser's Armour Emporium.
 26049 | Orc:2    | Found Waq Giurgh's Armour Shoppe.
 26052 | Orc:2    | Found Peraisix's Antique Armour Shoppe.
 26620 | Swamp:1  | Entered Level 1 of the Swamp
 27787 | Swamp:2  | Reached skill level 10 in Evocations
 28270 | Swamp:2  | Noticed Louise
 28292 | Swamp:2  | Killed Louise
 28478 | Swamp:2  | Received a gift from Trog
 28479 | Swamp:2  | Got a shimmering falchion {god gift}
 28493 | Swamp:2  | Identified 2 scrolls of acquirement
 28494 | Swamp:2  | Identified the +9 falchion of Trog's Favour {vorpal, Int+3}
                  | (Trog gifted it to you on level 2 of the Swamp)
 28497 | Swamp:2  | Acquired the +1 tower shield of Fedhas's Esteem {Str+2
                  | Int+2 Dex+2}
 28509 | Swamp:2  | Acquired a manual of Stealth
 30292 | Swamp:3  | Acquired a manual of Evocations
 30737 | Swamp:3  | Reached XP level 17. HP: 43/123 MP: 5/17
 31251 | Snake:1  | Entered Level 1 of the Snake Pit
 31568 | Snake:1  | Received a gift from Trog
 32711 | Lair:4   | Killed promet's ghost
 32726 | Lair:4   | Killed comborobin's ghost
 34353 | Snake:2  | Received a gift from Trog
 34365 | Snake:2  | Got a scorched long sword {god gift}
 34374 | Snake:2  | Identified the +1 long sword of No Interval {vorpal, rElec
                  | Int+4} (Trog gifted it to you on level 2 of the Snake Pit)
 35370 | Snake:3  | Noticed Bai Suzhen
 35387 | Snake:3  | Killed Bai Suzhen
 35873 | Snake:3  | HP: 3/126 [poisoned by a naga warrior (splash of poison)]
 35897 | Snake:3  | Reached XP level 18. HP: 26/133 MP: 1/18
 36545 | Snake:3  | Reached skill level 15 in Stealth
 37180 | Swamp:4  | Entered Level 4 of the Swamp
 37207 | Swamp:4  | Reached skill level 15 in Fighting
 37882 | Swamp:3  | Reached skill level 15 in Shields
 38213 | Swamp:4  | Received a gift from Trog
 38286 | Swamp:4  | Got a faintly glowing hat
 38371 | Swamp:4  | Got a decaying rune of Zot
 38669 | Swamp:4  | Identified the cursed -1 hat of Resilience {rElec MP+9
                  | Stlth-} (You found it on level 4 of the Swamp)
 38812 | Snake:4  | Entered Level 4 of the Snake Pit
 39146 | Snake:4  | Noticed Irelaet's ghost (adept DrAE)
 39193 | Snake:4  | Identified the Guide on Freezing Malediction
 39195 | Snake:4  | Found Fav Ziu's Antique Weapon Shoppe.
 39533 | Snake:4  | Found a runed translucent gate.
 39534 | Snake:4  | Found a runed translucent gate.
 39534 | Snake:4  | Found a runed translucent gate.
 40514 | Snake:4  | Noticed Vashnia
 40844 | Snake:4  | Killed Vashnia
 40845 | Snake:4  | Reached XP level 19. HP: 141/141 MP: 16/19
 41313 | Snake:4  | Received a gift from Trog
 41549 | Snake:4  | Mangled by a nagaraja

Illustrated notes

Levels and vault maps discovered:
D:1:      ebering_trefoil_3fold, layout_loops_ring
D:2:      layout_loops_ring, nzn_hepliaklqana_mist_gate, general_overflow_altar,
          led_sif_pool, chequers_ecumenical_altar_simple,
          minmay_misc_feat_roman, roderic_lattice_a,
          minmay_misc_feat_more_columns, uniq_natasha, uniq_robin
D:3:      layout_loops_ring, fedhas_altar_2
D:4:      layout_loops_cross, grunt_ministairs_12, minivault_1, uniq_menkaure
D:5:      layout_layer_cave, lemuel_crystal_altar, biasface_ghost_orc_armoury
D:6:      layout_basic, doesnt_xom_only_xom, minmay_temple_entry_offerings,
          small_statue_intersection, uniq_maggie, uniq_pikel
D:7:      layout_rooms, slow_altar_2, kennysheep_mini_moat, basic_altar
D:8:      layout_loops_corners, grunt_dithmenos_shadows, uniq_joseph
D:9:      layout_irregular_city, serial_shops, shop, shop, shop, shop,
          kennysheep_mini, uniq_maurice
D:10:     minmay_wavy_crystal, layout_irregular_city, lair_entry_dummy,
          kennysheep_generic_room_10
D:11:     layout_cave_pools, zombieorc2_lemuel, serial_shops, shop
D:12:     layout_basic, serial_shops, nicolae_shop_overgrown_old_shop
D:13:     minmay_the_grid_triangle_9x9_line_8_mashed
          [minmay_the_grid_triangle_9x9_limited_checkers,
          minmay_the_grid_triangle_9x9_windchime,
          minmay_the_grid_triangle_9x9_descending_squares,
          minmay_the_grid_triangle_9x9_flanged_cone,
          minmay_the_grid_triangle_9x9_thin_v,
          minmay_the_grid_triangle_9x9_stretched_checkered,
          minmay_the_grid_triangle_9x9_cache,
          minmay_the_grid_triangle_9x9_prize_special], layout_rooms,
          lightli_vaults_fourway_checkpoint
D:14:     layout_long_grid, nicolae_sextant
D:15:     hangedman_depths_entry_civil_slaughter, layout_rooms,
          gammafunk_ghost_tricky_traps, minmay_misc_feat_tower,
          nicolae_ru_path_of_blood
Temple:   cyrus_circular_temple
Lair:1:   layout_hall_layers, special_room [special_room_bee],
          serial_bayou_pond_d, uniq_fannar
Lair:2:   layout_gridlike, dummy_snake_entry, gammafunk_ghost_hydra_chop,
          serial_bayou_pond_a, chequers_serial_rivers_small_3,
          grunt_megastairs_1, uniq_erica
Lair:3:   layout_misc_corridors, swamp_mist, grunt_megastairs_2,
          serial_bayou_shore_a
Lair:4:   layout_regular_city, serial_rivers, chequers_serial_rivers_room_b,
          chequers_serial_rivers_micro_d, chequers_serial_rivers_micro_a,
          chequers_serial_rivers_micro_d, chequers_serial_rivers_micro_a,
          chequers_serial_rivers_micro_e, gammafunk_ghost_cemetery,
          lemuel_fruit_fields, lemuel_fruit_fields, minmay_lair_oklob_chamber
Lair:5:   layout_regular_city, nicolae_quartered_pool_medium,
          grunt_megastairs_5, uniq_rupert, uniq_snorg
Lair:6:   hangedman_lair_in_review, layout_long_grid,
          minmay_slime_entry_jelly_boxes, st_stairs_4
Swamp:1:  layout_basic_swamp, evilmike_swamp_ruin_house_2, swamp_pool1
Swamp:2:  nzn_winding_woodlands_medium [nzn_winding_woodlands_5x5_three,
          nzn_winding_woodlands_5x15_sidewinder,
          nzn_winding_woodlands_5x5_perimeter, nzn_winding_woodlands_5x5_cross,
          nzn_winding_woodlands_center_triple_pond,
          nzn_winding_woodlands_5x5_open_star, nzn_winding_woodlands_hourglass,
          nzn_winding_woodlands_5x15_twine, nzn_winding_woodlands_5x5_default],
          layout_basic_swamp, nicolae_swamp_round_clearing, swamp_pool1,
          hangedman_swamp_pad, uniq_louise
Swamp:3:  layout_basic_swamp, hangedman_swamp_lotus, swamp_pool1,
          infiniplex_staircase_pool_2
Swamp:4:  swamp_alternative, layout_basic_swamp
Snake:1:  layout_layer_cave, st_stairs_4
Snake:2:  layout_grid_shapes, lemuel_fruit_tree
Snake:3:  layout_cave_shapes, st_stairs_1, serial_bayou_lake_a, uniq_bai_suzhen
Snake:4:  johnstein_snake_rune_scales, layout_cave_shapes,
          gammafunk_ghost_split, nicolae_snake_squiggles, st_stairs_6,
          guppyfry_snake_island, minmay_shop_star, uniq_vashnia
Orc:1:    layout_caves, serial_shops, shop, rock_pile
Orc:2:    st_orc_mages, layout_caves

Skill      XL: |  1  2  3  4  5  6  7  8  9 10 11 12 13 14 15 16 17 18 19 |
---------------+----------------------------------------------------------+-----
Stealth        | 1 2 3 4 6 7 8 10 11 12 14 16 | 16.0
Long Blades    | 3 5 6 8 9 10 11 12 14 15 16 | 16.9
Dodging        | 4 6 7 8 9 11 12 13 14 | 14.5
Shields        | 4 5 6 7 8 9 11 12 13 14 15 | 15.9
Fighting       | 4 5 6 7 8 10 13 14 15 16 | 16.1
Evocations     | 2 4 5 6 7 8 9 10 12 13 14 | 14.1

Action                   |  1- 3 |  4- 6 |  7- 9 | 10-12 | 13-15 | 16-18 | 19-21 || total
-------------------------+-------+-------+-------+-------+-------+-------+-------++-------
Melee: Long sword        |    43 |   131 |   126 |       |       |       |       ||   300
       Constrict         |    16 |    34 |    45 |    96 |   121 |   148 |     2 ||   462
       Tentacles         |     6 |    31 |    64 |   170 |   366 |   434 |    33 ||  1104
       Scimitar          |       |       |    82 |   317 |   577 |  1237 |   131 ||  2344
       Falchion          |       |       |       |   224 |   433 |       |       ||   657
       Double sword      |       |       |       |       |       |    51 |       ||    51
Throw: Dart              |       |     4 |     5 |     9 |    35 |    36 |     4 ||    93
Invok: Berserk           |     1 |     4 |     4 |     7 |    15 |    23 |     2 ||    56
Evoke: Wand              |       |       |       |     2 |     2 |    13 |     2 ||    19
       Condenser vane    |       |       |       |     1 |       |       |       ||     1
  Use: Scroll            |     3 |     9 |    11 |     8 |     9 |    12 |       ||    52
       Potion            |       |     1 |       |       |     1 |     4 |       ||     6
 Stab: Sleeping          |     4 |    19 |    11 |    18 |    46 |    33 |       ||   131
       Distracted        |       |       |       |       |     4 |     6 |     1 ||    11
       Petrified         |       |       |       |       |     2 |       |       ||     2
Armor: Skin              |     1 |     9 |     9 |    42 |    65 |    86 |    11 ||   223
Dodge: Dodged            |    18 |    53 |    94 |   206 |   389 |   607 |    79 ||  1446
Block: Kite shield       |    20 |    70 |    93 |   281 |   614 |   176 |       ||  1254
       Tower shield      |       |       |       |       |       |   875 |   150 ||  1025
       Rpst.: Long sword |     5 |    15 |    18 |       |       |       |       ||    38
       Scimitar          |       |       |     7 |    38 |    44 |    86 |     5 ||   180
       Falchion          |       |       |       |    23 |    41 |       |       ||    64
       Double sword      |       |       |       |       |       |     6 |       ||     6
